Map: Distant Plane

Players

SombreLoup

  • Race: Terran Terran
  • Spawn Location: 1:00

Amix

  • Race: Protoss Protoss
  • League: Platinum
  • Spawn Location: 1:00

A.I. 2 (Elite) - Winner!

  • Race: Protoss Protoss
  • Spawn Location: 5:00

A.I. 3 (Elite) - Winner!

  • Race: Terran Terran
  • Spawn Location: 5:00

VOD

Have the link to the VOD?

Description

Time

  • Played on: Nov. 29, 2016, 8:08 a.m.
  • Length: 11:10
Show
View Real Time Build Order
Export as new Build Order

SombreLoup Terran 

Build Orders: MMM Bio 

Get SALT Encoding   

  12  0:04  SCV  
  13  0:16  SCV  
  15  0:28  SCV  
  15  0:36  Supply Depot  
  15  0:38  Refinery  
  15  0:58  SCV  
  15  1:03  Barracks  
  16  1:15  Barracks, SCV  
  16  1:17  Barracks  
  17  1:27  SCV  
  17  1:31  Refinery  
  18  1:39  SCV  
  19  2:08  Barracks Tech Lab  
  19  2:14  Command Center  
  19  2:17  Marine  
  20  2:26  Supply Depot  
  20  2:30  Combat Shields  
  20  2:39  Marine  
  20  2:40  Marine  
  20  2:42  Marine  
  23  2:54  Supply Depot  
  23  3:00  Orbital Command  
  23  3:04  Barracks Tech Lab  
  25  3:13  Marauder  
  25  3:15  Marine  
  26  3:30  Orbital Command  
  26  3:42  Stimpack  
  26  3:47  SCV  
  27  3:51  Marauder  
  27  3:52  Marine  
  27  3:55  Marine  
  31  4:08  Factory  
  28  4:20  Marine, Marauder x2  
  33  4:37  Marine  
  34  4:41  Marine, Marauder  
  37  4:46  Concussive Shells, Engineering Bay  
  37  4:47  Engineering Bay  
  37  4:51  Supply Depot  
  37  4:57  Marine, Starport  
  38  5:04  SCV  
  38  5:05  SCV  
  40  5:14  Refinery  
  40  5:18  Refinery, SCV  
  40  5:20  SCV  
  42  5:29  Terran Infantry Weapons Level 1  
  42  5:33  Terran Infantry Armor Level 1  
  42  5:37  Marine  
  42  5:38  Marine  
  42  5:41  Starport Reactor  
  44  5:45  SCV x2  
  46  5:51  Marauder  
  48  5:59  SCV x2  
  50  6:10  Marine  
  50  6:11  Marauder, SCV x2, Marine  
  55  6:17  Medivac x2  
  60  6:27  SCV x2  
  60  6:28  Barracks  
  62  6:57  Supply Depot  
  62  7:00  Supply Depot  
  62  7:17  Barracks Reactor  
  62  7:18  Marine x2, Medivac x2  
  62  7:19  Marauder  
  70  7:23  SCV  
  70  7:24  SCV  
  72  7:32  Factory Tech Lab  
  72  7:36  Marine, SCV, Marauder  
  76  7:40  Marauder  
  78  7:44  Command Center  
  78  7:49  Armory  
  78  7:55  Marine x3, Medivac  
  78  7:57  Marine  
  84  8:01  Marine  
  85  8:12  Marine  
  86  8:29  Supply Depot x2  
  86  8:45  Marine x2  
  86  8:50  Marine, Siege Tank  
  86  8:51  Marauder x2  
  65  9:12  Marauder x2  
  68  9:19  Marine  
  68  9:20  Marine  
  70  9:33  Marauder x2  
  70  9:37  Marine x2  
  65  9:48  Siege Tank  
  65  9:54  Marine  
  65  9:55  Marauder, Marine x2  
  53  10:13  Marauder, Marine x2  
  47  10:16  Marauder  
  47  10:20  Siege Tank  
  39  10:31  Marine x2  
  39  10:33  Marine  
  31  10:37  Marauder  
  29  10:49  Marine x2  
Show
View Real Time Build Order
Export as new Build Order

Amix Protoss 

Build Orders: 1 Gate Expand 

Get SALT Encoding   

  12  0:01  Probe (Chrono Boost)  
  13  0:23  Pylon  
  13  0:41  Gateway  
  13  0:42  Probe (Chrono Boost)  
  14  1:07  Nexus  
  14  1:11  Probe (Chrono Boost)  
  15  1:18  Pylon  
  15  1:23  Probe (Chrono Boost)  
  16  1:29  Assimilator  
  16  1:34  Probe (Chrono Boost)  
  17  1:51  Probe (Chrono Boost)  
  17  1:53  Cybernetics Core  
  18  2:02  Probe (Chrono Boost), Assimilator  
  19  2:13  Probe (Chrono Boost)  
  19  2:15  Pylon  
  20  2:19  Warp Gate (Chrono Boost)  
  20  2:21  Probe (Chrono Boost)  
  21  2:23  Probe (Chrono Boost)  
  22  2:41  Stalker  
  24  2:50  Gateway  
  24  2:51  Probe (Chrono Boost)  
  24  2:53  Probe (Chrono Boost)  
  26  3:03  Probe (Chrono Boost)  
  29  3:14  Mothership Core (Chrono Boost)  
  29  3:15  Adept  
  31  3:24  Probe (Chrono Boost)  
  32  3:33  Probe (Chrono Boost)  
  33  3:35  Probe (Chrono Boost)  
  34  3:45  Probe x2 (Chrono Boost)  
  34  3:47  Pylon  
  36  3:49  Adept, Pylon  
  36  3:52  Adept  
  36  3:53  Pylon  
  40  3:58  Probe (Chrono Boost)  
  40  4:02  Probe (Chrono Boost)  
  43  4:10  Probe (Chrono Boost)  
  43  4:12  Probe (Chrono Boost)  
  40  4:36  Pylon  
  40  4:37  Probe (Chrono Boost)  
  42  4:41  Pylon  
  42  4:42  Pylon  
  41  4:47  Probe (Chrono Boost)  
  42  4:58  Mothership Core (Chrono Boost)  
  42  4:59  Gateway  
  44  5:00  Gateway  
  44  5:03  Assimilator  
  44  5:06  Assimilator  
  44  5:07  Gateway  
  44  5:25  Adept  
  44  5:27  Adept  
  48  5:39  Probe  
  48  5:41  Probe  
  50  5:49  Probe  
  50  5:53  Probe  
  52  5:57  Adept x4  
  52  6:00  Probe  
  61  6:05  Probe  
  61  6:07  Twilight Council  
  61  6:10  Probe  
  62  6:17  Forge  
  63  6:18  Forge  
  63  6:19  Forge  
  63  6:22  Protoss Air Weapons Level 1 (Chrono Boost)  
  63  6:24  Adept x5  
  73  6:27  Pylon  
  73  6:38  Probe  
  73  6:39  Probe  
  75  6:48  Probe  
  75  6:51  Probe  
  77  6:56  Robotics Facility  
  77  6:59  Robotics Facility, Probe  
  78  7:04  Probe  
  78  7:06  Pylon  
  78  7:07  Stalker  
  78  7:08  Stalker x2, Pylon  
  85  7:09  Probe  
  85  7:10  Pylon  
  85  7:13  Protoss Ground Weapons Level 1  
  85  7:15  Protoss Ground Armor Level 1  
  86  7:16  Probe  
  86  7:21  Protoss Shields Level 1  
  87  7:23  Resonating Glaives (Chrono Boost)  
  87  7:48  Stalker  
  87  7:49  Stalker x3  
  87  7:50  Stalker  
  97  7:54  Immortal  
  101  7:59  Immortal  
  105  8:18  Nexus  
  105  8:22  Pylon  
  77  9:11  Zealot x5  
  73  9:31  Gateway x3  
  53  9:33  Gateway  
  47  9:47  Adept x4  
  53  10:10  Adept  
  53  10:11  Adept  
  53  10:12  Adept  
  32  11:00  Dark Shrine  
Show
View Real Time Build Order
Export as new Build Order

A.I. 2 (Elite) Protoss - Winner!

Build Orders: Zealot Archon 

Get SALT Encoding   

  12  0:01  Probe (Chrono Boost)  
  13  0:11  Probe (Chrono Boost)  
  14  0:20  Pylon  
  14  0:22  Probe (Chrono Boost)  
  15  0:38  Probe (Chrono Boost)  
  16  0:47  Assimilator  
  16  0:49  Probe (Chrono Boost)  
  17  0:51  Gateway  
  17  0:59  Probe (Chrono Boost)  
  17  1:01  Pylon  
  18  1:10  Probe (Chrono Boost)  
  19  1:20  Probe (Chrono Boost)  
  20  1:31  Probe (Chrono Boost)  
  21  1:37  Zealot  
  23  1:41  Cybernetics Core  
  23  1:42  Probe (Chrono Boost)  
  24  1:54  Probe (Chrono Boost)  
  25  2:02  Nexus  
  25  2:13  Gateway  
  25  2:20  Pylon  
  25  2:22  Zealot  
  25  2:25  Warp Gate  
  25  2:29  Probe (Chrono Boost)  
  28  2:39  Assimilator  
  28  2:40  Probe (Chrono Boost)  
  29  2:48  Adept  
  32  2:52  Probe (Chrono Boost)  
  32  3:00  Adept  
  32  3:04  Probe (Chrono Boost)  
  32  3:05  Pylon  
  35  3:13  Adept  
  35  3:15  Probe (Chrono Boost)  
  38  3:25  Stalker, Probe (Chrono Boost)  
  41  3:30  Probe (Chrono Boost)  
  42  3:37  Probe (Chrono Boost)  
  44  3:41  Probe (Chrono Boost)  
  44  3:44  Robotics Facility  
  44  3:48  Probe (Chrono Boost)  
  45  3:52  Probe (Chrono Boost), Adept  
  48  3:59  Probe (Chrono Boost)  
  48  4:00  Adept  
  51  4:04  Probe (Chrono Boost)  
  52  4:11  Probe (Chrono Boost)  
  52  4:12  Pylon  
  52  4:16  Probe (Chrono Boost)  
  52  4:17  Zealot  
  48  4:22  Probe (Chrono Boost)  
  49  4:27  Probe (Chrono Boost)  
  48  4:36  Immortal, Adept  
  54  4:50  Probe (Chrono Boost)  
  54  4:51  Probe (Chrono Boost), Adept  
  58  4:54  Adept  
  58  4:55  Pylon  
  60  5:01  Probe (Chrono Boost)  
  60  5:03  Probe (Chrono Boost)  
  60  5:07  Robotics Facility  
  62  5:10  Stalker  
  62  5:13  Stalker, Immortal  
  66  5:19  Probe (Chrono Boost)  
  66  5:21  Probe (Chrono Boost)  
  72  5:29  Pylon  
  72  5:32  Sentry, Twilight Council  
  72  5:35  Stalker  
  76  5:41  Assimilator  
  76  5:43  Assimilator  
  76  5:48  Probe (Chrono Boost)  
  77  5:50  Pylon  
  77  5:53  Zealot  
  79  5:57  Gateway  
  80  6:05  Probe x2 (Chrono Boost)  
  80  6:08  Zealot  
  83  6:13  Pylon  
  83  6:15  Templar Archives  
  83  6:16  Probe (Chrono Boost)  
  83  6:17  Probe (Chrono Boost)  
  85  6:26  Probe (Chrono Boost)  
  85  6:29  Forge  
  85  6:30  Nexus  
  86  6:39  Stalker  
  88  6:44  Stalker  
  88  6:46  Pylon  
  90  6:51  Stalker  
  92  6:57  Protoss Ground Weapons Level 1  
  92  7:00  Stalker, Forge  
  94  7:05  High Templar, Pylon  
  96  7:10  Observer  
  96  7:12  Sentry  
  99  7:17  Gateway  
  99  7:21  High Templar  
  101  7:26  Photon Cannon  
  101  7:29  Pylon  
  101  7:32  Psionic Storm  
  101  7:41  Zealot  
  101  7:44  Archon, Probe x3 (Chrono Boost)  
  106  7:49  Assimilator  
  106  7:50  Pylon  
  106  7:52  Photon Cannon  
  106  7:53  Assimilator, High Templar  
  106  7:56  Probe x3 (Chrono Boost)  
  111  8:05  Photon Cannon  
  111  8:07  Probe x2 (Chrono Boost)  
  111  8:08  High Templar  
  111  8:09  Probe (Chrono Boost)  
  116  8:13  Photon Cannon  
  116  8:16  Archon, Pylon  
  116  8:18  Probe (Chrono Boost)  
  116  8:19  Probe (Chrono Boost)  
  119  8:20  Probe (Chrono Boost), High Templar  
  121  8:29  Probe (Chrono Boost), Protoss Ground Armor Level 1  
  121  8:30  High Templar  
  121  8:31  Probe (Chrono Boost)  
  121  8:32  Probe (Chrono Boost)  
  126  8:36  Photon Cannon  
  126  8:39  Stalker, Photon Cannon  
  126  8:40  Probe (Chrono Boost)  
  129  8:42  Stalker  
  129  8:43  Probe (Chrono Boost)  
  129  8:44  Probe (Chrono Boost)  
  133  8:51  Stalker  
  135  8:58  Pylon  
  135  9:00  Stalker  
  135  9:01  Stalker  
  133  9:04  Zealot  
  135  9:12  Stalker  
  133  9:21  Stalker  
  133  9:22  Zealot, Stalker  
  139  9:26  Nexus, Pylon  
  139  9:31  Immortal  
  139  9:33  Zealot  
  139  9:37  Immortal  
  143  9:41  Zealot  
  143  9:44  Stalker x2  
  143  9:45  Photon Cannon  
  153  9:52  Stalker  
  155  9:53  Pylon  
  149  10:01  Stalker  
  149  10:05  Stalker  
  149  10:06  Sentry  
  149  10:09  Observer  
  149  10:13  Warp Prism  
  149  10:14  Stalker  
  146  10:16  Gateway  
  146  10:19  Photon Cannon  
  144  10:23  Adept  
  144  10:27  Zealot  
  144  10:28  Sentry  
  146  10:30  Observer  
  147  10:36  Adept  
  147  10:42  Sentry  
  151  10:46  Sentry  
Show
View Real Time Build Order
Export as new Build Order

A.I. 3 (Elite) Terran - Winner!

Build Orders: MMM Bio 

Get SALT Encoding   

  12  0:01  SCV  
  13  0:13  SCV  
  14  0:20  Supply Depot  
  14  0:25  SCV  
  15  0:42  SCV  
  16  0:45  Barracks  
  16  0:46  Refinery  
  16  0:54  SCV  
  17  1:03  Barracks  
  17  1:06  SCV  
  18  1:18  SCV  
  19  1:34  Marine, Orbital Command  
  20  1:45  Barracks  
  20  1:50  Marine  
  20  1:52  Marine  
  22  2:00  Supply Depot  
  22  2:03  SCV  
  23  2:09  Barracks Tech Lab  
  23  2:11  Barracks Tech Lab  
  23  2:22  SCV  
  24  2:26  Marine  
  24  2:29  Marine  
  26  2:30  Stimpack  
  26  2:31  Marine, Concussive Shells  
  27  2:39  Supply Depot  
  27  2:44  Marine  
  27  2:46  Marine  
  27  2:49  Marine, SCV  
  31  3:03  Marauder  
  31  3:05  Marauder  
  35  3:07  Marine  
  35  3:10  Supply Depot  
  36  3:20  Combat Shields  
  36  3:23  Marine, SCV  
  36  3:24  Marine  
  39  3:30  Supply Depot  
  39  3:31  Marine  
  40  3:40  SCV  
  41  3:41  Marine  
  41  3:44  Refinery  
  42  3:50  Marauder  
  44  4:00  Marauder  
  46  4:06  SCV  
  47  4:16  Marauder, Marine  
  45  4:18  SCV  
  45  4:21  Marauder  
  39  4:33  Factory  
  39  4:34  Marine  
  39  4:37  Marauder  
  42  4:42  Marine  
  43  4:49  Command Center  
  43  4:51  Marine  
  44  4:58  Marine  
  45  5:00  Marine  
  46  5:11  Barracks Reactor, Supply Depot  
  46  5:16  Marauder  
  46  5:17  Marine  
  46  5:18  Engineering Bay  
  49  5:36  Marauder  
  49  5:37  Marine  
  52  5:44  Terran Infantry Weapons Level 1  
  52  5:50  Marine, Engineering Bay  
  52  5:53  Marine  
  52  5:55  Marauder  
  56  5:58  Marauder  
  56  6:01  SCV  
  56  6:03  SCV  
  60  6:13  SCV  
  60  6:15  SCV  
  60  6:16  Terran Infantry Armor Level 1  
  62  6:25  SCV  
  62  6:27  SCV  
  64  6:36  Factory Tech Lab  
  64  6:37  Marauder  
  64  6:38  SCV  
  67  6:40  Orbital Command  
  67  6:43  Supply Depot  
  67  6:50  SCV  
  67  6:53  Command Center  
  68  7:00  Siege Tank  
  71  7:02  SCV  
  72  7:20  Missile Turret  
  72  7:21  Missile Turret  
  72  7:25  Barracks, Missile Turret  
  72  7:30  Starport  
  72  7:32  Siege Tank  
  75  7:40  Supply Depot  
  75  7:45  Marine  
  75  7:46  Marine  
  77  7:56  Refinery  
  77  8:03  Widow Mine  
  77  8:04  Marauder, Missile Turret  
  81  8:05  SCV  
  81  8:06  SCV, Supply Depot  
  81  8:08  SCV, Starport Reactor  
  84  8:18  SCV  
  84  8:19  SCV  
  86  8:20  SCV  
  87  8:30  SCV  
  87  8:31  SCV  
  87  8:32  SCV, Siege Tank  
  93  8:42  SCV, Armory  
  93  8:43  SCV  
  93  8:44  SCV, Medivac  
  98  8:49  Command Center  
  98  8:54  SCV  
  95  8:57  SCV  
  95  8:59  SCV  
  95  9:01  Marine  
  95  9:02  Marine  
  93  9:03  Marine  
  93  9:04  Marine, Siege Tank  
  93  9:06  Marine  
  95  9:18  Marine  
  95  9:20  Marauder, Marine  
  95  9:23  Marine  
  93  9:25  Marine  
  93  9:26  Supply Depot  
  93  9:29  Command Center  
  86  9:37  Marauder  
  86  9:38  Marine  
  86  9:41  Marine, Marauder, Siege Tank  
  86  9:42  Marine  
  94  9:50  Orbital Command  
  94  9:55  Missile Turret  
  94  9:56  Marine, Medivac  
  94  9:57  Missile Turret  
  94  9:58  Marauder  
  99  10:02  Marine  
  99  10:03  Marine x2  
  102  10:11  Refinery  
  102  10:12  Refinery  
  102  10:13  Siege Tank  
  105  10:18  Missile Turret  
  105  10:19  Marauder  
  107  10:24  Supply Depot  
  107  10:27  Refinery  
  105  10:29  Marauder  
  105  10:35  SCV  
  108  10:39  Missile Turret  
  108  10:41  SCV  
  108  10:42  SCV  
  110  10:43  Refinery, SCV  
  110  10:47  SCV  
  114  10:50  Factory  
  114  10:52  Command Center  
  114  10:54  SCV  
  114  10:55  SCV  
  116  10:57  SCV  
Tags
 
Add a new tag
Caveats
  • Supply blocks, unpowered buildings, or Contaminate may cause inaccurate times.
  • Supply counts are checked every 10 seconds.